Map: Tourmaline LE

Players

HoldTheDoor - Winner!

  • Race: Protoss Protoss
  • League: Diamond
  • Spawn Location: 7:00

Valery

  • Race: Protoss Protoss
  • League: Diamond
  • Spawn Location: 1:00

VOD

Have the link to the VOD?

Description

Time

  • Played on: May 12, 2026, 11:53 a.m.
  • Length: 9:22
Show
View Real Time Build Order
Export as new Build Order

HoldTheDoor Protoss - Winner!

Build Orders:  

Get SALT Encoding   

  12  0:00  Probe  
  13  0:12  Probe  
  14  0:17  Pylon  
  14  0:24  Probe  
  15  0:32  Probe  
  15  0:39  Gateway  
  15  0:40  Probe  
  16  0:49  Assimilator  
  17  0:57  Assimilator  
  17  1:01  Probe  
  18  1:13  Probe  
  18  1:17  Gateway  
  19  1:25  Probe  
  20  1:31  Cybernetics Core  
  20  1:37  Probe  
  20  1:38  Pylon  
  21  1:49  Probe  
  22  1:59  Warp Gate  
  22  2:01  Probe  
  22  2:04  Stalker x2  
  27  2:15  Probe  
  27  2:16  Pylon  
  28  2:27  Pylon, Probe  
  29  2:34  Sentry  
  31  2:39  Stalker  
  31  2:40  Probe  
  34  2:52  Probe  
  35  3:00  Pylon  
  35  3:03  Stalker  
  35  3:04  Robotics Facility, Probe  
  38  3:23  Probe  
  39  3:33  Nexus  
  39  3:37  Shield Battery  
  39  3:42  Probe  
  40  3:48  Twilight Council  
  40  3:50  Sentry  
  40  3:55  Zealot  
  44  3:58  Probe  
  45  4:10  Probe  
  46  4:19  Charge  
  46  4:22  Probe, Shield Battery  
  47  4:25  Pylon  
  47  4:37  Immortal  
  47  4:43  Probe  
  47  4:44  Pylon  
  52  4:46  Stalker  
  54  4:53  Stalker  
  54  4:56  Probe  
  57  5:02  Probe  
  58  5:08  Probe  
  58  5:11  Gateway  
  59  5:16  Gateway  
  59  5:28  Zealot  
  61  5:30  Zealot  
  61  5:31  Probe x2  
  61  5:34  Immortal  
  69  5:43  Probe  
  70  6:00  Zealot x2  
  74  6:08  Zealot  
  74  6:10  Zealot  
  78  6:18  Pylon  
  78  6:21  Pylon  
  78  6:29  Immortal  
  66  6:35  Zealot x4  
  66  7:00  Pylon  
  66  7:03  Probe, Pylon  
  66  7:06  Zealot  
  66  7:07  Zealot x3  
  59  7:28  Zealot x4  
  65  7:49  Gateway  
  65  7:50  Gateway  
  65  7:51  Gateway  
  65  7:53  Probe x2  
  67  7:58  Shield Battery  
  67  8:03  Assimilator  
  67  8:05  Probe x2  
  67  8:12  Pylon  
  69  8:13  Forge  
  69  8:15  Pylon  
  69  8:16  Pylon, Zealot x4  
  77  8:30  Gateway  
  77  8:37  Zealot x4  
  85  8:54  Stalker x3  
  91  8:58  Pylon  
  91  9:20  Photon Cannon  
  91  9:22  Photon Cannon  
Show
View Real Time Build Order
Export as new Build Order

Valery Protoss 

Build Orders: Phoenix Opening 

Get SALT Encoding   

  12  0:01  Probe  
  13  0:13  Probe  
  14  0:18  Pylon  
  14  0:25  Probe  
  15  0:33  Probe  
  15  0:40  Gateway  
  15  0:41  Probe  
  17  0:50  Assimilator  
  17  0:51  Probe  
  18  0:58  Assimilator  
  18  1:03  Probe  
  19  1:16  Gateway  
  19  1:19  Probe  
  20  1:29  Cybernetics Core  
  20  1:30  Probe  
  21  1:42  Pylon, Probe  
  22  1:53  Probe  
  23  2:06  Sentry  
  23  2:07  Warp Gate  
  25  2:19  Probe  
  25  2:20  Phoenix  
  25  2:22  Gateway  
  26  2:25  Twilight Council  
  25  2:37  Probe  
  26  2:49  Gateway  
  27  2:52  Charge  
  26  3:14  Phoenix  
  26  3:17  Pylon  
  26  3:22  Forge  
  26  3:33  Gateway  
  26  3:44  Robotics Facility  
  26  3:53  Nexus  
  26  3:56  Stalker  
  28  4:03  Stalker x3  
  34  4:21  Pylon  
  34  4:22  Protoss Ground Weapons Level 1, Zealot  
  36  4:27  Zealot  
  38  4:33  Pylon  
  38  4:52  Zealot x3  
  44  5:05  Warp Prism  
  46  5:16  Zealot  
  46  5:20  Zealot  
  50  5:23  Sentry  
  50  5:26  Sentry  
  54  5:33  Pylon  
  54  5:40  Pylon  
  54  6:20  Zealot x5  
  50  6:45  Zealot x5  
  48  7:05  Zealot x3  
  46  7:19  Zealot x2  
  30  7:45  Nexus  
  30  8:01  Observer  
  31  8:14  Stalker  
  31  8:18  Stalker  
  35  8:28  Stalker  
  37  8:55  Probe  
  38  8:56  Stalker x2  
  42  9:09  Zealot  
  44  9:10  Probe x2  
Tags
 
Matchup
PvP
Replay Pack
SC2Mai2026
Spawn Locations
Cross Positions
Add a new tag
Caveats
  • Supply blocks, unpowered buildings, or Contaminate may cause inaccurate times.
  • Supply counts are checked every 10 seconds.